 Dungeon Crawl Stone Soup version 0.15-a0-217-g70ad64b (webtiles) character file.

214 PolkaDot the Slasher (level 5, 0/41 HPs)
             Began as a Vampire Death Knight on Apr 23, 2014.
             Was a Believer of Yredelemnul.
             Slain by yahmik's ghost (6 damage)
             ... on Level 4 of the Dungeon.
             The game lasted 00:07:44 (2853 turns).

PolkaDot the Slasher (Vampire Death Knight)         Turns: 2853, Time: 00:07:44

HP   0/41        AC  3     Str 12      XL: 5   Next:  5%
MP   8/8         EV 10     Int 13      God: Yredelemnul [**....]
Gold 70          SH  0     Dex 14      Spells:  0 memorised,  4 levels left

rFire  . . .     SeeInvis +     a - +1 falchion
rCold  . . .     Clarity  .     b - +0 leather armour
rNeg   . . .     Conserve .     (no shield)
rPois  .         rCorr    .     (no helmet)
rElec  .         rRot     .     (no cloak)
SustAb . .       Spirit   .     (no gloves)
rMut   .         Warding  .     (no boots)
Saprov . . .     Stasis   .     (no amulet)
MR     +....                    i - ring of sustenance
                                l - ring of protection from magic {unknown}

@: regenerating quickly, somewhat resistant to hostile enchantments, unstealthy
A: fangs 3, see invisible, unbreathing
a: Animate Remains, Recall Undead Slaves, Injury Mirror, Renounce Religion


You were on level 4 of the Dungeon.
You worshipped Yredelemnul.
Yredelemnul was pleased with you.
You were full.

You visited 1 branch of the dungeon, and saw 4 of its levels.

You collected 70 gold pieces.

Inventory:

Hand weapons
 a - a +1,+1 falchion (weapon)
Armour
 b - a +0 leather armour (worn)
Scrolls
 d - a scroll of identify
 e - a scroll of enchant weapon I {unknown}
 f - 3 scrolls of remove curse {unknown}
 g - a scroll of fog {unknown}
 h - a scroll of amnesia {unknown}
 k - a scroll of fear {unknown}
 n - 3 scrolls of teleportation {unknown}
 p - a scroll of enchant armour {unknown}
Jewellery
 c - an uncursed ring of wizardry
 i - a ring of sustenance (right hand)
 l - a ring of protection from magic (left hand) {unknown}
Potions
 j - 2 potions of lignification
 m - a potion of heal wounds {unknown}
 o - 2 potions of magic {unknown}


   Skills:
 + Level 3.1 Fighting
 * Level 3.8 Long Blades
 - Level 0.7 Armour
 - Level 1.1 Dodging
 + Level 3.1 Invocations


You had 4 spell levels left.
You didn't know any spells.

Dungeon Overview and Level Annotations

Branches:
Dungeon (4/15)
 Temple: D:4-7

Altars:
Xom

Annotations:
D:4 yahmik's ghost, weakling HaFi


Innate Abilities, Weirdness & Mutations

Your natural rate of healing is unusually fast.
You have razor-sharp teeth.*
You have supernaturally acute eyesight.
You can survive without breathing.*


Message History

Yahmik's ghost hits you!
You closely miss yahmik's ghost.
Yahmik's ghost is almost destroyed.
Yahmik's ghost hits you! Yahmik's ghost hits you.
You barely miss yahmik's ghost.
Yahmik's ghost is almost destroyed.
Yahmik's ghost closely misses you.
You hit yahmik's ghost but do no damage.
You bite yahmik's ghost, but do no damage.
Yahmik's ghost is almost destroyed.
Yahmik's ghost hits you!
* * * LOW HITPOINT WARNING * * *
You hit yahmik's ghost but do no damage.
Yahmik's ghost is almost destroyed.
Yahmik's ghost closely misses you.
You barely miss yahmik's ghost.
Yahmik's ghost is almost destroyed.
Yahmik's ghost hits you.
You die...
Yredelemnul claims you as an undead slave.

##########
#.@pz....#
#.##..##.# #.#
..# #.# .#
####.# #
#..(.#
###....######
#.............
#.....(...###


You could see yahmik's ghost and a kobold zombie.

Vanquished Creatures
  A hound (D:4)
  A worker ant (D:3)
  3 adders
  3 giant geckos
  2 oozes (D:2)
  4 bats
  7 goblins
  3 hobgoblins
  3 jackals (D:2)
  A quokka (D:2)
  3 giant cockroaches
  3 giant newts
  14 kobolds
  5 rats
53 creatures vanquished.

Vanquished Creatures (collateral kills)
  An adder (D:3)
  2 giant geckos (D:3)
  A goblin (D:1)
4 creatures vanquished.

Vanquished Creatures (others)
  An adder skeleton (D:2)
  A bat skeleton (D:3)
  A giant gecko skeleton (D:3)
  A giant newt skeleton (D:3)
  A kobold zombie (D:3)
5 creatures vanquished.

Grand Total: 62 creatures vanquished

Notes
Turn   | Place    | Note
--------------------------------------------------------------
     0 | D:1      | PolkaDot, the Vampire Death Knight, began the quest for the Orb.
     0 | D:1      | Reached XP level 1. HP: 16/16 MP: 1/1
   268 | D:1      | Reached XP level 2. HP: 17/22 MP: 2/2
  1019 | D:2      | Reached XP level 3. HP: 19/28 MP: 4/4
  1274 | D:2      | Found a shimmering altar of Xom.
  1279 | D:2      | Acquired Yredelemnul's second power
  1279 | D:2      | Reached skill level 3 in Long Blades
  1931 | D:3      | Reached XP level 4. HP: 9/34 MP: 5/5
  2819 | D:4      | Reached XP level 5. HP: 26/41 MP: 8/8
  2840 | D:4      | Noticed yahmik's ghost (weakling HaFi)
  2853 | D:4      | Slain by yahmik's ghost

Action                   |  1- 3 |  4- 6 || total
-------------------------+-------+-------++-------
Melee: Falchion          |   166 |    54 ||   220
Invok: Animate Remains   |     8 |     6 ||    14
  Use: Potion            |     2 |     1 ||     3
       Scroll            |     1 |     1 ||     2
